 Dungeon Crawl Stone Soup version 0.22-a0-833-g8522bf8 (webtiles) character file.

101891 Amnesiac the Earth Mage (level 15, -5/100 HPs)
             Began as a Mummy Earth Elementalist on July 25, 2018.
             Was a High Priest of Vehumet.
             Slain by a vampiric glaive (23 damage)
             ... on level 2 of the Elven Halls.
             The game lasted 00:58:15 (27827 turns).

Amnesiac the Earth Mage (Mummy Earth Elementalist) Turns: 27827, Time: 00:58:15

Health: -5/100     AC: 12    Str: 12    XL:     15   Next: 84%
Magic:  7/44       EV: 13    Int: 26    God:    Vehumet [*****.]
Gold:   2250       SH:  0    Dex: 10    Spells: 15/46 levels left

rFire    + . .     SeeInvis .   R - staff of cold
rCold    + + .     Gourm    .   (no shield)
rNeg     + + +     Faith    .   A - +1 robe of the Nine Beggars {rCorr Int+6 Dex-3}
rPois    ∞         Spirit   .   K - +2 helmet
rElec    .         Reflect  .   y - +2 cloak {rF+}
rCorr    +         Harm     .   (no gloves)
MR       +....                  Q - +2 pair of boots {Stlth+}
Stlth    +++.......             J - amulet of magic regeneration
HPRegen  0.26/turn              o - ring of protection from fire
MPRegen  0.54/turn              P - ring of magical power

@: no status effects
A: no food or potions, fire vulnerability, cold resistance 1, negative energy
resistance 3, torment resistance, unbreathing, in touch with death 1
a: Renounce Religion


You were on level 2 of the Elven Halls.
You worshipped Vehumet.
Vehumet was extremely pleased with you.
You were not hungry.

You visited 5 branches of the dungeon, and saw 22 of its levels.
You also visited: Ice Cave and Volcano.

You collected 2306 gold pieces.
You spent 56 gold pieces at shops.

Inventory:

Hand Weapons
 b - a +3 blowgun
Missiles
 i - 310 stones (quivered)
 k - 13 curare-tipped needles
Armour
 c - the +0 robe of Responsibility {rElec rC++}
   (You found it on level 5 of the Dungeon)

   It greatly protects you from cold.
   It insulates you from electricity.
 y - a +2 cloak of fire resistance (worn)
 A - the +1 robe of the Nine Beggars (worn) {rCorr Int+6 Dex-3}
   (You found it on level 5 of the Lair of Beasts)

   It affects your intelligence (+6).
   It affects your dexterity (-3).
   It provides partial protection from all sources of acid and corrosion.
 H - a +2 robe of resistance
 K - a +2 helmet (worn)
 M - a +2 shield
 Q - a +2 pair of boots of stealth (worn)
Magical Staves
 a - an uncursed staff of earth
 R - an uncursed staff of cold (weapon)
Jewellery
 n - an uncursed amulet of harm
 o - a ring of protection from fire (left hand)
 p - an uncursed ring of flight
 x - an uncursed ring of see invisible
 I - a +5 ring of evasion
 J - an amulet of magic regeneration (around neck)
 P - a ring of magical power (right hand)
Wands
 f - a wand of polymorph (20)
 j - a wand of disintegration (14)
 l - a wand of digging (11)
 m - a wand of iceblast (17)
 q - a wand of paralysis (32)
 C - a wand of scattershot (8)
 E - a wand of acid (15)
 G - a wand of clouds (7)
 L - a wand of random effects (90)
 N - a wand of flame (20)
Scrolls
 d - 3 scrolls of fear {!r}
 e - 13 scrolls of remove curse {!r}
 g - a scroll of vulnerability {!r}
 h - 5 scrolls of teleportation {!r}
 r - 12 scrolls of identify {!r}
 s - 4 scrolls of magic mapping {!r}
 t - a scroll of torment {!r}
 w - a scroll of summoning {!r}
 z - 4 scrolls of noise {!r}
 B - 4 scrolls of fog {!r}
 D - a scroll of amnesia {!r}
 F - a scroll of brand weapon {!r}
 O - 4 scrolls of enchant weapon {!r}
Miscellaneous
 u - a lightning rod (4/4)
 v - a sack of spiders
 S - a phial of floods
 T - a fan of gales


   Skills:
 - Level 4.0 Fighting
 + Level 10.6 Staves
 - Level 4.0 Dodging
 - Level 1.5 Stealth
 - Level 4.0 Shields
 + Level 16.0 Spellcasting
 + Level 1.9 Transmutations
 * Level 16.0 Earth Magic
 - Level 5.0 Evocations


You had 15 spell levels left.
You knew the following spells:

 Your Spells              Type           Power        Failure   Level  Hunger
a - Stone Arrow           Conj/Erth      ######       1%          3    N/A
b - Passwall              Tmut/Erth      ######..     1%          2    N/A
c - Sandblast             Erth           ######       0%          1    N/A
d - Lee's Rapid Deconstr  Erth           #######...   1%          5    N/A
e - Petrify               Tmut/Erth      ######..     1%          4    N/A
f - Swiftness             Chrm/Air       ###.....     3%          2    N/A
h - Deflect Missiles      Chrm/Air       ###.......   98%         6    N/A
w - Irradiate             Conj/Tmut      ####......   13%         5    N/A
z - Ozocubu's Armour      Chrm/Ice       ####....     8%          3    N/A

Your spell library contained the following spells:

 Spells                   Type           Power        Failure   Level  Hunger
 Cause Fear               Hex            ###.......   24%         4    N/A
 Magic Dart               Conj           ###.         1%          1    N/A
 Apportation              Tloc           ###...       2%          1    N/A
 Lightning Bolt           Conj/Air       ###.......   17%         5    N/A
 Throw Frost              Conj/Ice       ####..       1%          2    N/A
 Summon Small Mammal      Summ           ###.         2%          1    N/A
 Iskenderun's Mystic Bla  Conj           ###.....     7%          4    N/A
 Animate Dead             Necr           N/A          24%         4    N/A
 Pain                     Necr           ####         2%          1    N/A
 Animate Skeleton         Necr           N/A          2%          1    N/A
 Vampiric Draining        Necr           ####......   8%          3    N/A
 Freeze                   Ice            ####         1%          1    N/A
 Summon Ice Beast         Ice/Summ       ####....     24%         4    N/A
 Regeneration             Chrm/Necr      ####......   8%          3    N/A
 Shock                    Conj/Air       ###.         1%          1    N/A
 Throw Icicle             Conj/Ice       ####....     7%          4    N/A
 Airstrike                Air            ###.......   7%          4    N/A
 Confusing Touch          Hex            ###...       2%          1    N/A
 Silence                  Hex/Air        ###.......   56%         5    N/A
 Static Discharge         Conj/Air       ###.....     2%          3    N/A
 Conjure Ball Lightning   Conj/Air       ###.......   65%         6    N/A
 Tornado                  Air            ###.......   100%        9    N/A
 Shroud of Golubria       Chrm/Tloc      ###.......   3%          2    N/A
 Fulminant Prism          Conj/Hex       ###.......   7%          4    N/A
 Dazzling Spray           Conj/Hex       ###...       2%          3    N/A
 Force Lance              Conj/Tloc      ###.....     7%          4    N/A
 Infusion                 Chrm           ###.         2%          1    N/A
 Song of Slaying          Chrm           ###.....     3%          2    N/A
 Spectral Weapon          Hex/Chrm       ###.....     8%          3    N/A
 Searing Ray              Conj           ###...       1%          2    N/A
 Discord                  Hex            ###.......   100%        8    N/A
 Summon Lightning Spire   Summ/Air       ###.....     24%         4    N/A
 Yara's Violent Unravell  Hex/Tmut       ####......   13%         5    N/A

Dungeon Overview and Level Annotations

Branches:
Dungeon (11/15)            Temple (0/1) D:7            Lair (6/6) D:9
 Shoals (0/4) Lair:4        Snake (1/4) Lair:4        Slime (0/5) Lair:5
    Orc (2/2) D:11            Elf (2/3) Orc:2

Altars:
Kikubaaqudgha
Qazlal
Sif Muna
Vehumet

Shops:
D:5 }   D:6 (   D:10 }(!?   Orc:2 %*(*:(   Elf:1 %   Elf:2 *

Annotations:
Elf:2 tsouns's ghost, adept GnAM


Innate Abilities, Weirdness & Mutations

You do not eat or drink.
Your flesh is vulnerable to fire.
You are immune to poison.
Your flesh is cold resistant. (rC+)
You are immune to negative energy. (rN+++)
You are immune to unholy pain and torment.
You can survive without breathing.
You are in touch with the powers of death.


Message History

Aiming: Lee's Rapid Deconstruction (safe; 1% risk of failure)
Press: ? - help, Dir - move target cursor A stone wall.
The wall shatters!
The blast of rock fragments hits the war axe of chopping.
The war axe of chopping falls from the air.
Vehumet accepts your kill. The vampiric glaive hits you from afar!
Unknown command.
Casting: Lee's Rapid Deconstruction (safe; 1% risk of failure)
Confirm with . or Enter, or press ? or * to list all spells.
Aiming: Stone Arrow (safe; 1% risk of failure)
Press: ? - help, Shift-Dir - straight line, f - vampiric glaive
Aim: a vampiric glaive (moderately damaged)
The stone arrow hits the vampiric glaive.
The vampiric glaive is moderately damaged.
The vampiric glaive hits you from afar!!
Unknown command.
Casting: Stone Arrow (safe; 1% risk of failure)
Confirm with . or Enter, or press ? or * to list all spells.
Aiming: Stone Arrow (safe; 1% risk of failure)
Press: ? - help, Shift-Dir - straight line, f/p - vampiric glaive
Aim: a vampiric glaive (moderately damaged)
The stone arrow hits the vampiric glaive.
The vampiric glaive is severely damaged.
The vampiric glaive hits you from afar.
Unknown command.
Casting: Stone Arrow (safe; 1% risk of failure)
Confirm with . or Enter, or press ? or * to list all spells.
Aiming: Stone Arrow (safe; 1% risk of failure)
Press: ? - help, Shift-Dir - straight line, f/p - vampiric glaive
Aim: a vampiric glaive (severely damaged)
The stone arrow misses the vampiric glaive.
The vampiric glaive hits you from afar!!
* * * LOW HITPOINT WARNING * * *
Unknown command.
Casting: Stone Arrow (safe; 1% risk of failure)
Confirm with . or Enter, or press ? or * to list all spells.
Aiming: Stone Arrow (safe; 1% risk of failure)
Press: ? - help, Shift-Dir - straight line, f/p - vampiric glaive
Aim: a vampiric glaive (severely damaged)
The stone arrow hits the vampiric glaive.
The vampiric glaive is severely damaged.
The vampiric glaive hits you but does no damage.
Unknown command.
Casting: Stone Arrow (safe; 1% risk of failure)
Confirm with . or Enter, or press ? or * to list all spells.
Aiming: Stone Arrow (safe; 1% risk of failure)
Press: ? - help, Shift-Dir - straight line, f/p - vampiric glaive
Aim: a vampiric glaive (severely damaged)
The stone arrow hits the vampiric glaive.
The vampiric glaive is almost destroyed.
The vampiric glaive hits you from afar!
* * * LOW HITPOINT WARNING * * *
Unknown command.
Unknown command.
Casting: Stone Arrow (safe; 1% risk of failure)
Confirm with . or Enter, or press ? or * to list all spells.
Aiming: Stone Arrow (safe; 1% risk of failure)
Press: ? - help, Shift-Dir - straight line, f/p - vampiric glaive
Aim: a vampiric glaive (almost destroyed)
The stone arrow misses the vampiric glaive.
The vampiric glaive hits you from afar!!
You die...

#### ### ## ###..####.##
#.##
#.....##...##...##..
##....)..............
#.....#.....@........
#....###...........#.
#..)## ##.....(...##
#...## ##........##
#....# #..........#
#####....###.........).#
...##.....#.............
#####...................
#)...............


You could see a vampiric glaive.

Vanquished Creatures
  A deep elf demonologist (Elf:1)
  A red draconian (Volcano)
  A blizzard demon (IceCv)
  A deep elf death mage (Elf:2)
  4 hydras
  A merfolk avatar (Lair:6)
  6 two-headed ogres
  An ogre mage (Volcano)
  4 orc high priests
  15 dancing weapons
  8 deep elf knights (Elf:2)
  An unseen horror (shapeshifter) (Elf:2)
  An unseen horror (D:11)
  A sea snake (Lair:6)
  Pikel (D:4)
  17 deep elf archers
  The ghost of Hebeh the Destroyer, a novice DEFE of Vehumet (D:8)
  2 harpies (Lair:6)
  An ugly thing (D:11)
  41 deep elf magi
  2 manticores (Lair:6)
  2 orc sorcerers
  A salamander (Snake:1)
  3 merfolk sirens (Lair:4)
  2 elephants
  4 black mambas
  Maurice (D:8)
  Psyche (D:11)
  Joseph (D:7)
  2 molten gargoyles (Volcano)
  An ice statue (IceCv)
  9 spiny frogs
  5 rime drakes
  A gargoyle (D:11)
  11 komodo dragons
  4 ice devils (IceCv)
  3 anaconda simulacra (IceCv)
  3 freezing wraiths (IceCv)
  5 polar bears
  A merfolk (Lair:4)
  6 trolls
  2 hornets (Lair:6)
  A wolf spider simulacrum (IceCv)
  19 blink frogs
  Grinder (D:3)
  10 hippogriffs
  A dream sheep (Lair:6)
  A dream sheep (shapeshifter) (Elf:1)
  An air elemental (Elf:1)
  2 wyverns
  30 yaks
  2 water elementals
  Sigmund (D:3)
  2 fire bats (Volcano)
  4 fire elementals (Elf:1)
  A death yak simulacrum (IceCv)
  3 basilisks
  A hungry ghost (D:9)
  A steam dragon (Lair:4)
  3 iron troll simulacra (IceCv)
  4 nagas (Lair:4)
  13 water moccasins
  2 wargs
  5 harpy simulacra (IceCv)
  4 hydra simulacra (IceCv)
  8 porcupines
  17 orc warriors
  4 phantoms
  5 ice beasts
  A slave (D:4)
  7 ogres
  12 wolves (Lair:2)
  4 centaurs
  9 crocodiles
  A big kobold (D:7)
  2 earth elementals
  12 bullfrogs
  A scorpion (D:10)
  2 swamp dragon simulacra (IceCv)
  2 vampire bats (Orc:1)
  3 howler monkeys
  An electric eel (Lair:3)
  3 crimson imps
  A bullfrog zombie (D:5)
  6 lava snakes (Volcano)
  3 draconian simulacra (IceCv)
  A centaur zombie (D:5)
  3 hounds
  3 jellies
  2 bullfrog skeletons
  2 centaur skeletons
  28 orc priests
  2 iguanas
  27 orc wizards
  Natasha (thrice) (D:3)
  10 worker ants
  2 troll simulacra (IceCv)
  2 spriggan simulacra (IceCv)
  A killer bee zombie (D:7)
  A centaur simulacrum (IceCv)
  Robin (D:4)
  A worker ant zombie (D:9)
  6 gnolls
  2 ogre simulacra (IceCv)
  10 adders
  3 naga simulacra (IceCv)
  2 shadow imps
  4 white imps (IceCv)
  4 ufetubi (IceCv)
  An adder skeleton (D:7)
  2 worms
  3 dart slugs
  6 leopard geckos
  59 orcs
  9 giant cockroaches
  16 goblins
  10 hobgoblins
  3 jackals (D:10)
  5 quokkas
  2 ball pythons (D:3)
  14 bats
  6 frilled lizards
  A jackal skeleton (D:2)
  16 kobolds
  A leopard gecko skeleton (D:4)
  A quokka skeleton (D:7)
  10 rats
  A fungus (Lair:6)
  3 plants
684 creatures vanquished.

Vanquished Creatures (others)
  A deep elf annihilator (Elf:1)
  A blizzard demon (IceCv)
  5 white imps (IceCv)
  4 ufetubi (IceCv)
  A bush (Lair:6)
  14 fungi
  23 plants
49 creatures vanquished.

Grand Total: 733 creatures vanquished

Notes
Turn   | Place    | Note
-------+----------+-------------------------------------------
     0 | D:1      | Amnesiac the Mummy Earth Elementalist began the quest for the Orb.
     0 | D:1      | Reached XP level 1. HP: 13/13 MP: 4/4
   275 | D:2      | Reached XP level 2. HP: 16/19 MP: 3/6
   279 | D:2      | Learned a level 2 spell: Passwall
   574 | D:3      | Reached XP level 3. HP: 24/24 MP: 4/7
   579 | D:3      | Learned a level 3 spell: Stone Arrow
   636 | D:3      | Noticed Grinder
   647 | D:3      | Paralysed by Grinder for 2 turns
   653 | D:3      | Paralysed by Grinder for 2 turns
   667 | D:3      | Killed Grinder
   667 | D:3      | Reached XP level 4. HP: 23/30 MP: 0/10
   667 | D:3      | Reached XP level 5. HP: 27/35 MP: 0/11
   674 | D:3      | Learned a level 5 spell: Lee's Rapid Deconstruction
   836 | D:4      | Noticed an ogre
   852 | D:4      | Killed an ogre
   852 | D:4      | Reached skill level 5 in Spellcasting
   852 | D:4      | Reached XP level 6. HP: 22/41 MP: 3/13
   858 | D:4      | Learned a level 4 spell: Petrify
   979 | D:4      | Reached skill level 5 in Earth Magic
  1026 | D:4      | Found a deep blue altar of Sif Muna.
  1204 | D:4      | Noticed Robin
  1330 | D:4      | Killed Robin
  1469 | D:4      | Reached XP level 7. HP: 39/46 MP: 10/15
  1524 | D:4      | Noticed Pikel
  1556 | D:4      | Killed Pikel
  1556 | D:4      | Reached XP level 8. HP: 23/52 MP: 0/18
  1878 | D:5      | Entered Level 5 of the Dungeon
  1933 | D:5      | Got a sheer robe
  1944 | D:5      | Identified the +0 robe of Responsibility {rElec rC++} (You found it on level 5 of the Dungeon)
  2181 | D:6      | Found a radiant altar of Vehumet.
  2186 | D:6      | Became a worshipper of Vehumet
  2946 | D:2      | Learned a level 2 spell: Swiftness
  3684 | D:3      | Reached * piety under Vehumet
  3684 | D:3      | Offered knowledge of Freeze by Vehumet.
  3708 | D:3      | Noticed Natasha
  3717 | D:3      | Killed Natasha
  4118 | D:3      | Reached skill level 1 in Evocations
  4235 | D:3      | Noticed Sigmund
  4246 | D:3      | Killed Sigmund
  4636 | D:3      | Noticed Natasha
  4644 | D:3      | Killed Natasha
  4980 | D:3      | Noticed Natasha
  4986 | D:3      | Killed Natasha
  5593 | D:5      | Found Putyupau's Gadget Shoppe.
  5863 | D:5      | Reached XP level 9. HP: 56/57 MP: 13/21
  6759 | D:6      | Found Caikol's Antique Weapon Boutique.
  7151 | D:6      | Learned a level 3 spell: Ozocubu's Armour
  7197 | D:7      | Found a staircase to the Ecumenical Temple.
  7205 | D:7      | Reached ** piety under Vehumet
  7205 | D:7      | Offered knowledge of Flame Tongue by Vehumet.
  7842 | D:7      | Noticed Joseph
  7850 | D:7      | Offered knowledge of Inner Flame by Vehumet.
  7860 | D:7      | Killed Joseph
  8123 | D:7      | Reached *** piety under Vehumet
  8429 | D:8      | Identified a scroll of acquirement {!r}
  8478 | D:8      | Noticed Maurice
  8492 | D:8      | Killed Maurice
  8492 | D:8      | Reached XP level 10. HP: 24/63 MP: 0/23
  8751 | D:8      | Found a runed door.
  8751 | D:8      | Noticed Hebeh's ghost (novice DEFE)
  8845 | D:8      | Noticed a two-headed ogre
  8848 | D:8      | Killed a two-headed ogre
  8848 | D:8      | Reached skill level 1 in Staves
  8848 | D:8      | Reached skill level 10 in Earth Magic
  9053 | D:8      | Killed Hebeh's ghost
  9053 | D:8      | Reached skill level 10 in Spellcasting
  9150 | D:9      | Noticed a two-headed ogre
  9157 | D:9      | Killed a two-headed ogre
  9174 | D:9      | Reached skill level 1 in Fighting
  9180 | D:9      | Noticed an elephant
  9401 | D:9      | Offered knowledge of Olgreb's Toxic Radiance by Vehumet.
  9411 | D:9      | Found a staircase to the Lair.
  9440 | D:9      | Killed an elephant
  9974 | D:10     | Entered Level 10 of the Dungeon
 10186 | D:10     | Reached XP level 11. HP: 75/75 MP: 6/25
 10376 | D:10     | Found Eqiatsok's Gadget Shop.
 10636 | D:10     | Found Bewi's Antique Weapon Boutique.
 10665 | D:10     | Found Tefaf's Distillery.
 10683 | D:10     | Found Jogurghe's Magic Scroll Shop.
 10913 | D:11     | Got a spiked leather armour
 10914 | D:11     | Found a staircase to the Orcish Mines.
 10983 | D:11     | Noticed Psyche
 10987 | D:11     | Killed Psyche
 10987 | D:11     | Reached **** piety under Vehumet
 11014 | D:11     | Identified the +2 leather armour of Surprise {rC+} (You found it on level 11 of the Dungeon)
 11042 | D:11     | Noticed a white ugly thing
 11065 | D:11     | Killed a white ugly thing
 11250 | D:11     | Noticed an unseen horror
 11253 | D:11     | Offered knowledge of Venom Bolt by Vehumet.
 11257 | D:11     | Killed an unseen horror
 11387 | D:11     | Found a stormy altar of Qazlal.
 11920 | Orc:1    | Entered Level 1 of the Orcish Mines
 12232 | Orc:1    | Reached skill level 5 in Staves
 12392 | Orc:1    | Reached skill level 5 in Evocations
 12427 | Orc:1    | Noticed an orc sorcerer
 12431 | Orc:1    | Killed an orc sorcerer
 12947 | Orc:2    | Entered Level 2 of the Orcish Mines
 12947 | Orc:2    | Found Miteg's Book Shop.
 12990 | Orc:2    | Found a staircase to the Elven Halls.
 13021 | Orc:2    | Reached ***** piety under Vehumet
 13026 | Orc:2    | Offered knowledge of Orb of Destruction by Vehumet.
 13338 | Orc:2    | Found Noeraq's Assorted Antiques.
 13342 | Orc:2    | Found Xecherch's Food Shop.
 13355 | Orc:2    | Bought 2 scrolls labeled TAINGORRUSO for 56 gold pieces
 13557 | Orc:2    | Noticed an orc high priest
 13559 | Orc:2    | Killed an orc high priest
 13707 | Orc:2    | Reached XP level 12. HP: 83/83 MP: 15/27
 13789 | Orc:2    | Noticed an orc high priest
 13792 | Orc:2    | Killed an orc high priest
 13794 | Orc:2    | Noticed an orc high priest
 13937 | Orc:1    | Killed an orc high priest
 14244 | Orc:2    | Noticed an orc high priest
 14246 | Orc:2    | Killed an orc high priest
 14647 | Orc:2    | Found Patuhic's Antique Weapon Emporium.
 14649 | Orc:2    | Found Aro Woas's Book Emporium.
 14650 | Orc:2    | Found Daorchon's Antique Weapon Shoppe.
 14653 | Orc:2    | Found Vikel's General Store.
 14830 | Lair:1   | Entered Level 1 of the Lair of Beasts
 15660 | Lair:1   | Offered knowledge of Spellforged Servitor by Vehumet.
 16596 | Lair:2   | Got a scorched scale mail
 16669 | Lair:2   | Identified the +1 scale mail of the Six Beds {rCorr Dex+5} (You found it on level 2 of the Lair of Beasts)
 16696 | Lair:3   | Got a polished dagger
 16697 | Lair:3   | Identified the +5 dagger of Weghyick {venom, rF+ Dex+5} (You found it on level 3 of the Lair of Beasts)
 16825 | Lair:3   | Noticed an eight-headed hydra
 16842 | Lair:3   | Killed an eight-headed hydra
 17219 | Lair:4   | Gained mutation: You are in touch with the powers of death. [Mummy growth]
 17219 | Lair:4   | Reached XP level 13. HP: 88/88 MP: 6/29
 17365 | Lair:4   | Found a staircase to the Snake Pit.
 17694 | Lair:4   | Found a staircase to the Shoals.
 18047 | Snake:1  | Entered Level 1 of the Snake Pit
 18226 | Lair:5   | Offered knowledge of Iskenderun's Battlesphere by Vehumet.
 18352 | Lair:5   | Found a dark tunnel.
 18355 | Volcano  | Entered a volcano
 18762 | Volcano  | Noticed a red draconian
 18854 | Volcano  | Found a bloodstained altar of Trog.
 19083 | Volcano  | Killed a red draconian
 19406 | Lair:5   | Got a tattered robe
 19486 | Lair:5   | Found a staircase to the Slime Pits.
 19848 | Lair:6   | Entered Level 6 of the Lair of Beasts
 20327 | Lair:6   | Identified the +1 robe of the Nine Beggars {rCorr Int+6 Dex-3} (You found it on level 5 of the Lair of Beasts)
 20384 | Lair:6   | Reached XP level 14. HP: 94/95 MP: 10/32
 20441 | Lair:6   | HP: 4/95 [blink frog (20)]
 21342 | Lair:6   | Offered knowledge of Irradiate by Vehumet.
 21353 | Lair:6   | Learned a level 5 spell: Irradiate
 21972 | Elf:1    | Entered Level 1 of the Elven Halls
 22154 | Elf:1    | Reached skill level 15 in Earth Magic
 22275 | Elf:1    | Found a frozen archway.
 22280 | Elf:1    | Reached skill level 15 in Spellcasting
 22288 | IceCv    | Entered an ice cave
 23000 | IceCv    | Offered knowledge of Bolt of Fire by Vehumet.
 23572 | IceCv    | Reached skill level 1 in Shields
 24064 | Elf:1    | Reached XP level 15. HP: 89/100 MP: 32/34
 24517 | Elf:1    | Reached skill level 10 in Staves
 24556 | Elf:1    | Found Ocis's Food Emporium.
 24695 | Elf:1    | Learned a level 6 spell: Deflect Missiles
 24708 | Elf:1    | Found an ancient bone altar of Kikubaaqudgha.
 25990 | Elf:2    | Found Mamaabla's General Store.
 26030 | Elf:2    | Found a runed gate.
 26030 | Elf:2    | Found a runed gate.
 26030 | Elf:2    | Found a runed gate.
 26036 | Elf:2    | Noticed tsouns's ghost (adept GnAM)
 26061 | Elf:2    | Found a huge runed gate.
 26063 | Elf:2    | Found a huge runed gate.
 26063 | Elf:2    | Found a huge runed gate.
 26064 | Elf:2    | Found a huge runed gate.
 26064 | Elf:2    | Found a huge runed gate.
 26825 | Elf:2    | Reached skill level 1 in Transmutations
 27827 | Elf:2    | Slain by a vampiric glaive

Vault maps used:
D:1:      dpeg_arrival_water_temple_mockup
D:2:      minmay_distorted
D:3:      uniq_sigmund, uniq_grinder, uniq_natasha
D:4:      lemuel_statue_altar, uniq_robin, uniq_pikel
D:5:      first_ration, serial_shops, nicolae_shop_stone, minmay_checkerbox
D:6:      kennysheep_little_box, serial_shops, shop
D:7:      minmay_temple_entry_statues_pillars, uniq_joseph
D:8:      ebering_ghost_reflecting_pool, uniq_maurice
D:9:      david_lair_generic, grunt_ogre_cave
D:10:     serial_shops, shop, kennysheep_mini, shop, shop
D:11:     orc_0_dummy, grunt_qazlal_clouds, uniq_psyche
Lair:3:   serial_bayou_pond_a, st_stairs_12, serial_bayou_shore_a
Lair:4:   elwin_shoals_entry_stream, minmay_snake_entry_guardpost_small
Lair:5:   minmay_slime_entry_oklob_enclosed, enter_volcano_2
Lair:6:   gammafunk_lair_ancient_temple, serial_bayou_shore_b
Snake:1:  serial_shops, nicolae_shop_trees, nicolae_snake_springs, uniq_azrael,
          uniq_josephine, uniq_frances, uniq_aizul, uniq_louise
Orc:1:    roderic_batcave
Orc:2:    st_orc_mages, serial_shops, shop, nicolae_shop_crystal, shop_fountains
Elf:1:    basic_altar, serial_shops,
          nicolae_shop_temple_entry_statues_fountains,
          portal_ice_cave_entry_pillars_three, minivault_28
Elf:2:    serial_shops, shop_statue, ebering_ghost_rock_garden
IceCv:    ice_cave_caverns_02
Volcano:  volcano_lake

Skill      XL: |  1  2  3  4  5  6  7  8  9 10 11 12 13 14 15 |
---------------+----------------------------------------------+-----
Spellcasting   | 3 4 5 7 8 9 10 11 12 14 15 16 | 16.0
Earth Magic    | 3 4 5 7 8 9 10 11 12 14 15 16 | 16.0
Evocations     | 2 4 5 |  5.0
Staves         | 4 5 7 8 9 10 | 10.6
Fighting       | 3 4 |  4.0
Dodging        | 3 4 |  4.0
Shields        | 1 4 |  4.0
Transmutations | 1 |  1.9
Stealth        | |  1.5

Action                   |  1- 3 |  4- 6 |  7- 9 | 10-12 | 13-15 || total
-------------------------+-------+-------+-------+-------+-------++-------
Melee: Mace              |    20 |    18 |       |       |       ||    38
       Rapier            |       |    33 |   354 |       |       ||   387
       Short sword       |       |       |    34 |     5 |       ||    39
       Staff             |       |       |       |   144 |    46 ||   190
Throw: Stone             |       |       |       |     1 |       ||     1
 Cast: Sandblast         |    20 |    25 |    62 |   146 |    61 ||   314
       Stone Arrow       |       |     1 |     2 |     1 |     8 ||    12
       Lee's Rapid Decon |       |       |    28 |   200 |   378 ||   606
       Petrify           |       |       |     1 |    10 |    11 ||    22
       Passwall          |       |       |     1 |       |    16 ||    17
       Irradiate         |       |       |       |       |     5 ||     5
Evoke: Wand              |       |       |     5 |     1 |    13 ||    19
  Use: Scroll            |       |       |    15 |     7 |    19 ||    41
 Stab: Petrified         |       |       |     5 |       |       ||     5
       Sleeping          |       |       |     8 |     3 |       ||    11
Armor: Robe              |     7 |     7 |   161 |    74 |    62 ||   311
Dodge: Dodged            |    18 |    41 |   283 |   177 |   136 ||   655
Block: Shield            |       |       |       |       |     1 ||     1

Table legend:
 A = Spawn XP
 B = Non-spawn XP
 C = Spawn XP percentage of total XP
 D = Spawn monster count
 E = Non-spawn monster count
 F = Spawn count percentage of total count
 G = Total turns spent on level
                    A         B        C        D         E        F      G
               +---------+---------+-------+---------+---------+-------+---------
         Total |       0 |  145559 |   0.0 |       0 |     681 |   0.0 | 27827
               +---------+---------+-------+---------+---------+-------+---------
           D:1 |       0 |      32 |   0.0 |       0 |      19 |   0.0 |   712
           D:2 |       0 |      63 |   0.0 |       0 |      21 |   0.0 |  1121
           D:3 |       0 |     680 |   0.0 |       0 |      32 |   0.0 |  2176
           D:4 |       0 |    1284 |   0.0 |       0 |      26 |   0.0 |  1108
           D:5 |       0 |     931 |   0.0 |       0 |      26 |   0.0 |  1144
           D:6 |       0 |     422 |   0.0 |       0 |      11 |   0.0 |   929
           D:7 |       0 |    1700 |   0.0 |       0 |      41 |   0.0 |  1118
           D:8 |       0 |    2461 |   0.0 |       0 |      12 |   0.0 |   854
           D:9 |       0 |    2416 |   0.0 |       0 |      16 |   0.0 |   908
          D:10 |       0 |    2305 |   0.0 |       0 |      23 |   0.0 |   948
          D:11 |       0 |    4132 |   0.0 |       0 |      21 |   0.0 |  1461
        Lair:1 |       0 |    1930 |   0.0 |       0 |      10 |   0.0 |  1069
        Lair:2 |       0 |    4770 |   0.0 |       0 |      29 |   0.0 |   750
        Lair:3 |       0 |    4188 |   0.0 |       0 |      16 |   0.0 |   690
        Lair:4 |       0 |    5329 |   0.0 |       0 |      21 |   0.0 |  1026
        Lair:5 |       0 |    5143 |   0.0 |       0 |      25 |   0.0 |  1197
        Lair:6 |       0 |   21490 |   0.0 |       0 |      56 |   0.0 |  1663
       Snake:1 |       0 |     523 |   0.0 |       0 |       1 |   0.0 |    15
         Orc:1 |       0 |    3490 |   0.0 |       0 |      49 |   0.0 |  1001
         Orc:2 |       0 |    6513 |   0.0 |       0 |      65 |   0.0 |  1543
         Elf:1 |       0 |   26104 |   0.0 |       0 |      47 |   0.0 |  2409
         Elf:2 |       0 |   33323 |   0.0 |       0 |      48 |   0.0 |  1476
         IceCv |       0 |    9043 |   0.0 |       0 |      50 |   0.0 |  1743
       Volcano |       0 |    7287 |   0.0 |       0 |      16 |   0.0 |   766
               +---------+---------+-------+---------+---------+-------+---------
